 Dungeon Crawl Stone Soup version 0.25-a0-435-g4b9beb1024 (webtiles) character file.

Game seed: 613173330691815220, levelgen mode: deterministic

45 Denox the Digger (level 3, -2/21 HPs)
             Began as a Halfling Earth Elementalist on Jan 29, 2020.
             Slain by a gnoll
             ... wielding a +0 spear
              (8 damage)
             ... on level 2 of the Dungeon.
             The game lasted 00:08:49 (1556 turns).

Denox the Digger (Halfling Earth Elementalist)      Turns: 1556, Time: 00:08:49

Health: -2/21      AC:  3    Str:  9    XL:     3   Next: 90%
Magic:  5/5        EV: 15    Int: 14    God:
Gold:   35         SH:  0    Dex: 14    Spells: 4/5 levels left

rFire    . . .     SeeInvis .   g - +0 short sword
rCold    . . .     Gourm    .   (shield restricted)
rNeg     . . .     Faith    .   c - +0 robe
rPois    .         Spirit   .   (no helmet)
rElec    .         Reflect  .   (no cloak)
rCorr    .         Harm     .   (no gloves)
MR       .....                  (no boots)
Stlth    ++........             (no amulet)
HPRegen  0.07/turn              a - +1 ring of protection
MPRegen  0.09/turn              (no ring)

@: no status effects
A: small, mutation resistance 1
a: no special abilities


You were on level 2 of the Dungeon.
You were not hungry.

You visited 1 branch of the dungeon, and saw 2 of its levels.

You collected 35 gold pieces.

Inventory:

Hand Weapons
 g - a +0 short sword (weapon)
Armour
 c - a +0 robe (worn)
Jewellery
 a - a +1 ring of protection (left hand)
Scrolls
 e - 2 scrolls of fear {unknown}
Comestibles
 b - a chunk of flesh
 d - a ration


   Skills:
 - Level 2.1 Dodging
 + Level 3.1 Stealth
 - Level 1.5 Spellcasting
   Level 0.5 Transmutations
 * Level 4.1 Earth Magic


You had 4 spell levels left.
You knew the following spells:

 Your Spells              Type           Power        Failure   Level  Hunger
a - Sandblast             Erth           ##....       4%          1    ##.....

Your spell library contained the following spells:

 Spells                   Type           Power        Failure   Level  Hunger
 Passwall                 Tmut/Erth      #.......     14%         2    ###....
 Stone Arrow              Conj/Erth      #.....       32%         3    ####...
 Petrify                  Tmut/Erth      #.......     67%         4    #####..
 Lee's Rapid Deconstruct  Erth           ##........   77%         5    ######.


Dungeon Overview and Level Annotations

Branches:
Dungeon (2/15)

Altars:


Innate Abilities, Weirdness & Mutations

You are small and have problems with some larger weapons.
You are somewhat resistant to further mutation.


Message History

Aiming: Sandblast (safe; 4% risk of failure)
Press: ? - help, Shift-Dir - straight line, f/p - gnoll
Aim: a gnoll, wielding a +0 spear You don't have any stones to cast with.
The gnoll shouts!
The gnoll hits you from afar with a +0 spear.
A gnoll comes into view. It is wielding a +0 spear of venom.
The gnoll misses you.
The gnoll shouts!
The gnoll barely misses you. The gnoll hits you but does no damage.
The gnoll hits you with a +0 spear. The gnoll misses you.
You see here a scroll labeled AMMYMAUPNUD.
The gnoll closely misses you. x2
The gnoll hits you from afar with a +0 spear.
* * * LOW HITPOINT WARNING * * *
You hit the gnoll.
The gnoll is lightly wounded.
The gnoll barely misses you.
The gnoll hits you from afar with a +0 spear!
You die...

##### #.###..
##...##...#..# ..
##...........# .g
#............# ..
#............###.
#...รท.....?....s
##...[g.g...#.. #
##...#l..$##.#.#.#
#####@##..#<....#
#g# .#..#..# #.#
....# ..# #.#
#.#..# # #<#
.g#... #.##..#.[..
#####..........
#.........#.....
#.......[.#


You could see 3 gnolls and a frilled lizard.

Vanquished Creatures
  A gnoll (D:1)
  A leopard gecko (D:1)
  3 giant cockroaches (D:1)
  A goblin (D:1)
  6 hobgoblins (D:1)
  4 jackals (D:1)
  4 bats (D:1)
  2 frilled lizards
  6 kobolds (D:1)
  3 rats (D:1)
31 creatures vanquished.

Notes
Turn   | Place    | Note
-------+----------+-------------------------------------------
     0 | D:1      | Denox the Halfling Earth Elementalist began the quest for
                  | the Orb.
     0 | D:1      | Reached XP level 1. HP: 11/11 MP: 3/3
     7 | D:1      | Noticed a hog
     7 | D:1      | Noticed a seven-headed hydra
     7 | D:1      | Noticed a lindwurm
     7 | D:1      | Noticed a black mamba
   162 | D:1      | Reached XP level 2. HP: 17/17 MP: 1/4
   702 | D:1      | Reached XP level 3. HP: 21/21 MP: 0/5
  1502 | D:1      | Reached skill level 4 in Earth Magic
  1556 | D:2      | Slain by a gnoll

Levels and vault maps discovered:
D:1:      onia_arrival_zoo_common, layout_loops_ring
D:2:      layout_rooms, grunt_temple_overflow_order_and_chaos_2,
          minmay_misc_feat_columns, uniq_jessica, uniq_terence

Skill      XL: |  1  2  3 |
---------------+----------+-----
Stealth        | 3 |  3.1
Earth Magic    | 4 |  4.1
Dodging        | |  2.1
Spellcasting   | |  1.5
Transmutations | |  0.5

Action                   || total
-------------------------++-------
Melee: Unarmed           ||    12
       Short sword       ||     7
 Cast: Sandblast         ||    54
  Use: Scroll            ||     1
 Stab: Sleeping          ||     2
  Eat: Ration            ||     1
       Chunk             ||     1
Armor: Robe              ||     4
Dodge: Dodged            ||    55

Table legend:
 A = Non-vault XP
 B = Vault XP
 C = Vault XP percentage of total XP
 D = Non-vault monster count
 E = Vault monster count
 F = Vault count percentage of total count
                 A         B        C        D         E       F
            +---------+---------+-------+---------+---------+-------
      Total |      65 |       0 |   0.0 |      31 |       0 |   0.0
            +---------+---------+-------+---------+---------+-------
        D:1 |      64 |       0 |   0.0 |      30 |       0 |   0.0
        D:2 |       1 |       0 |   0.0 |       1 |       0 |   0.0
            +---------+---------+-------+---------+---------+-------
